 Dungeon Crawl Stone Soup version 0.23-a0-344-ge122d05 (webtiles) character file.

36782 rabbit the Basher (level 13, -1/85 HPs)
             Began as a Gargoyle Fighter on Oct 19, 2018.
             Was the Champion of Okawaru.
             Slain by a hog (4 damage)
             ... led by Kirke
             ... on level 4 of the Lair of Beasts.
             The game lasted 01:02:49 (21181 turns).

rabbit the Basher (Gargoyle Fighter)               Turns: 21181, Time: 01:02:49

Health: -1/85      AC:  0    Str: 24    XL:     13   Next: 92%
Magic:  13/13      EV: 13    Int: 10    God:    Okawaru [******]
Gold:   1241       SH:  0    Dex:  9    Spells: 12/12 levels left

rFire    . . .     SeeInvis .   (weapon currently unavailable)
rCold    + . .     Gourm    .   (shield currently unavailable)
rNeg     + + .     Faith    +   (armour currently unavailable)
rPois    ∞         Spirit   .   (helmet currently unavailable)
rElec    .         Reflect  .   (cloak currently unavailable)
rCorr    .         Harm     .   (gloves currently unavailable)
MR       .....                  (boots currently unavailable)
Stlth    +.........             h - amulet of Ahone {Faith rC+ rN+}
HPRegen  0.24/turn              (ring currently unavailable)
MPRegen  0.13/turn              (ring currently unavailable)

@: about to teleport, pig-form, very quick
A: small, negative energy resistance 1, petrification resistance, rot immunity,
AC +9
a: Heroism, Finesse, Renounce Religion


You were on level 4 of the Lair of Beasts.
You worshipped Okawaru.
Okawaru was exalted by your worship.
You were not hungry.
You were a filthy swine.
You visited 3 branches of the dungeon, and saw 19 of its levels.

You collected 1241 gold pieces.

Inventory:

Hand Weapons
 a - a +2 morningstar of protection (melded)
 b - a +6 hand crossbow of flaming
 q - the +1 mace "Kaurobil" {crush, MR+}
   (You found it on level 5 of the Dungeon)

   It inflicts extra damage upon your enemies.
   It affects your resistance to hostile enchantments.
 M - a +0 great mace
 U - a +2 morningstar of draining
 Z - a +1 fustibalus of flaming
Missiles
 g - 560 stones (quivered)
 t - 60 sling bullets
 B - 52 bolts
 G - 117 arrows
Armour
 c - a +1 shield (melded)
 s - a +2 cloak (melded)
 y - a +0 pair of boots (melded)
 E - a +0 plate armour (melded)
 Q - a +2 hat of magic resistance (melded)
Jewellery
 e - the ring of the Saviour (melded) {rC+ rN+ Str+4 Int+2 Stlth+}
   (You found it on level 1 of the Lair of Beasts)

   [ring of protection from cold]

   It affects your strength (+4).
   It affects your intelligence (+2).
   It protects you from cold.
   It protects you from negative energy.
   It makes you more stealthy.
 h - the amulet of Ahone (around neck) {Faith rC+ rN+}
   (You acquired it on level 5 of the Lair of Beasts)

   [amulet of faith]

   It allows you to gain divine favour quickly.
   It protects you from cold.
   It protects you from negative energy.
 J - an uncursed amulet of rage
 N - an uncursed ring of ice
 P - a ring of magical power (melded)
 V - an uncursed ring of fire
Wands
 u - a wand of flame (65)
 x - a wand of polymorph (20)
 C - a wand of paralysis (24)
 D - a wand of iceblast (13)
 L - a wand of random effects (83)
 X - a wand of scattershot (12)
Scrolls
 l - a scroll of identify
 m - 5 scrolls of teleportation
 n - 2 scrolls of enchant armour
 o - 4 scrolls of fog
 r - 13 scrolls of remove curse
 v - 3 scrolls of amnesia
 A - 4 scrolls of immolation
 O - a scroll of blinking
 R - a scroll of silence {unknown}
 S - 2 scrolls of fear
 T - 8 scrolls of magic mapping
 Y - a scroll of enchant weapon
Potions
 d - 5 potions of might
 i - 13 potions of curing
 j - a potion of magic {unknown}
 k - a potion of lignification {unknown}
 p - 4 potions of heal wounds
 w - 3 potions of flight {unknown}
 z - 2 potions of resistance {unknown}
 F - a potion of agility {unknown}
 H - 4 potions of invisibility
 K - a potion of mutation
Comestibles
 f - 22 rations


   Skills:
 + Level 11.9 Fighting
 * Level 14.6 Maces & Flails
 + Level 11.9 Armour
 + Level 11.9 Shields


You had 12 spell levels left.
You didn't know any spells.
Your spell library contained the following spells:

 Spells                   Type           Power        Failure   Level  Hunger
 Animate Skeleton         Necr           N/A          36%         1    ##.....
 Apportation              Tloc           #.....       36%         1    ##.....
 Confusing Touch          Hex            #.....       36%         1    ##.....
 Summon Small Mammal      Summ           #...         36%         1    ##.....
 Call Imp                 Summ           #.......     50%         2    ###....
 Call Canine Familiar     Summ           #.......     75%         3    ####...
 Summon Guardian Golem    Hex/Summ       #.......     75%         3    ####...
 Cause Fear               Hex            #.........   98%         4    #####..
 Summon Ice Beast         Ice/Summ       #.......     98%         4    #####..
 Summon Lightning Spire   Summ/Air       #.......     98%         4    #####..
 Bolt of Magma            Conj/Fire/Erth #.........   100%        5    ######.
 Iskenderun's Battlesphe  Conj/Chrm      #.......     100%        5    ######.
 Silence                  Hex/Air        #.........   100%        5    ######.
 Venom Bolt               Conj/Pois      #.........   100%        5    ######.
 Yara's Violent Unravell  Hex/Tmut       #.........   100%        5    ######.
 Deflect Missiles         Chrm/Air       #.........   100%        6    #######
 Iron Shot                Conj/Erth      #.........   100%        6    #######
 Orb of Destruction       Conj           #.........   100%        7    #######
 Spellforged Servitor     Conj/Summ      #.........   100%        7    #######
 Discord                  Hex            #.........   100%        8    #######


Dungeon Overview and Level Annotations

Branches:
Dungeon (13/15)            Temple (1/1) D:4            Lair (5/6) D:8
  Snake (0/4) Lair:2          Orc (0/2) D:11
  Swamp: Lair:2-4    Shoals: Lair:2-4     Slime: Lair:5-6    Vaults: D:13-14

Altars:
Ashenzari
Cheibriados
Dithmenos
Elyvilon
Fedhas
Gozag
Hepliaklqana
Kikubaaqudgha
Makhleb
Nemelex Xobeh
Okawaru
Qazlal
Ru
Sif Muna
Trog
Uskayaw
Vehumet
Wu Jian
Xom
Yredelemnul
Zin
The Shining One
Beogh

Annotations:
D:4 Sigmund
D:10 Fannar
Lair:1 exclusion: oklob plant
Lair:4 Kirke


Innate Abilities, Weirdness & Mutations

You are resistant to torment.
((Your stone body is resilient. (AC +9)))
You are immune to poison.
You resist negative energy. (rN+)
((You are resistant to electric shocks. (rElec)))
((You can survive without breathing.))
You are immune to petrification.
You are immune to rotting.


Message History

The hog closely misses you. x2; The hog misses you.
The hog squeals angrily.
There is a stone staircase leading up here.
The hog bites you! The hog barely misses you. The hog bites you.
The hog closely misses you. The hog bites you. Kirke closely misses you.
The hog closely misses you. The hog barely misses you. The hog bites you!
* * * LOW HITPOINT WARNING * * *
The hog misses you.
You climb upwards.
There is a stone staircase leading down here.
As you read the scroll of teleportation, it crumbles to dust.
You feel strangely unstable.
You feel like a meek peon again. The hog closely misses you. The hog bites you.
* * * LOW HITPOINT WARNING * * *
The hog barely misses you. Kirke completely misses you.
The hog closely misses you. The hog barely misses you. The hog bites you!
* * * LOW HITPOINT WARNING * * *
The hog bites you.
You die...

......##......#....#.#..##P.....#
..#....#.....#......#...###.....#
###...#####.##......###..#P....##
# #....###.#.##....P.#####.....##
###.................(.##.##...)##
##P.........................<....
.................................
...............h.h...............
...............@hh....[..........
.#.............hhh..........?....
#.....#.†...#..................P.
#P....#.#..#.##....#..#....#....#
#.....###....#.....####..##.....#
......###).........##..........#.
.#....##...........#......P....##
#...........#.......#..........##
......#.#..........##............


You could see Kirke and 6 hogs.

Vanquished Creatures
  Gastronok (D:10)
  Snorg (Lair:3)
  4 hydras
  A dancing weapon (D:12)
  7 two-headed ogres
  2 unseen horrors
  An orc knight (D:11)
  A deep elf mage (D:12)
  2 ugly things
  A cyclops (D:9)
  4 elephants (Lair:3)
  A manticore (D:13)
  A black mamba (Lair:4)
  Maurice (D:8)
  6 spiny frogs
  Joseph (Lair:1)
  2 komodo dragons
  2 rime drakes
  A polar bear (Lair:2)
  2 ice devils (Lair:3)
  A troll (D:11)
  Prince Ribbit (D:9)
  10 blink frogs
  A slime creature (D:9)
  11 hippogriffs
  A spriggan (Lair:2)
  A hog (Lair:4)
  A wraith (D:12)
  4 yaks (D:11)
  4 wyverns
  4 basilisks
  2 hungry ghosts (D:12)
  A steam dragon (D:12)
  A vampire mosquito (D:9)
  4 nagas (Lair:2)
  8 water moccasins
  10 porcupines
  5 sky beasts
  8 orc warriors
  2 ice beasts
  A black bear (D:8)
  A necrophage (D:12)
  4 ogres
  5 wolves
  4 centaurs
  11 crocodiles
  5 big kobolds
  14 bullfrogs
  A water moccasin zombie (D:9)
  4 scorpions
  9 wights
  16 killer bees
  2 howler monkeys
  8 crimson imps
  A bullfrog zombie (D:11)
  A quasit (D:10)
  2 centaur skeletons
  5 centaur zombies
  7 hounds
  3 bullfrog skeletons
  5 orc priests
  3 jellies
  3 iguanas
  9 worker ants
  8 orc wizards
  A hound skeleton (D:10)
  A hound zombie (D:9)
  2 worker ant zombies
  Robin (D:2)
  A gnoll (D:1)
  17 adders
  3 shadow imps
  An adder zombie (D:6)
  A worm (shapeshifter) (D:9)
  5 dart slugs
  5 leopard geckos
  52 orcs
  9 giant cockroaches
  16 goblins
  11 hobgoblins
  17 jackals
  6 quokkas
  4 ball pythons
  9 bats
  3 frilled lizards
  25 kobolds
  A leopard gecko skeleton (D:4)
  2 quokka skeletons (D:9)
  A quokka zombie (D:9)
  5 rats
453 creatures vanquished.

Vanquished Creatures (others)
  4 fungi
  A plant (Lair:1)
5 creatures vanquished.

Grand Total: 458 creatures vanquished

Notes
Turn   | Place    | Note
-------+----------+-------------------------------------------
     0 | D:1      | rabbit the Gargoyle Fighter began the quest for the Orb.
     0 | D:1      | Reached XP level 1. HP: 14/14 MP: 1/1
    95 | D:1      | Reached XP level 2. HP: 15/19 MP: 2/2
   343 | D:1      | Reached XP level 3. HP: 22/23 MP: 3/3
   682 | D:2      | Found a sacrificial altar of Ru.
   688 | D:2      | Reached skill level 3 in Maces & Flails
   688 | D:2      | Reached XP level 4. HP: 27/29 MP: 4/4
  1014 | D:2      | Noticed Robin
  1306 | D:2      | Killed Robin
  1445 | D:2      | Reached XP level 5. HP: 33/33 MP: 5/5
  1446 | D:2      | Found a blossoming altar of Fedhas.
  3172 | D:4      | Reached skill level 4 in Maces & Flails
  3207 | D:4      | Found a staircase to the Ecumenical Temple.
  3213 | Temple   | Entered the Ecumenical Temple
  3304 | D:4      | Noticed an ice beast
  3320 | D:4      | Killed an ice beast
  3320 | D:4      | Reached XP level 6. HP: 39/39 MP: 6/6
  3690 | D:4      | Noticed Sigmund
  3773 | D:4      | Found an ornate altar of the Wu Jian Council.
  4390 | D:4      | Reached XP level 7. HP: 41/44 MP: 7/7
  4451 | D:5      | Entered Level 5 of the Dungeon
  4574 | D:5      | Reached skill level 5 in Maces & Flails
  4661 | D:6      | Found a radiant altar of Vehumet.
  4709 | D:6      | Reached skill level 5 in Shields
  4712 | D:6      | Reached skill level 5 in Fighting
  4712 | D:6      | Reached skill level 5 in Armour
  4842 | D:6      | Found a shattered altar of Ashenzari.
  5178 | D:7      | Noticed a hippogriff
  5199 | D:7      | Killed a hippogriff
  5199 | D:7      | Reached skill level 6 in Maces & Flails
  5199 | D:7      | Reached XP level 8. HP: 21/50 MP: 8/8
  5959 | D:8      | Reached skill level 7 in Maces & Flails
  5994 | D:8      | Reached XP level 9. HP: 54/55 MP: 9/9
  6095 | D:8      | Noticed Maurice
  6135 | D:8      | Killed Maurice
  6135 | D:8      | Reached skill level 8 in Maces & Flails
  6155 | D:8      | Found a sparkling altar of Nemelex Xobeh.
  6170 | D:8      | Noticed a two-headed ogre
  6186 | D:8      | Killed a two-headed ogre
  6606 | D:8      | Found a staircase to the Lair.
  6692 | D:8      | Found a deep blue altar of Sif Muna.
  6697 | D:8      | Found an iron altar of Okawaru.
  6697 | D:8      | Found a bloodstained altar of Trog.
  6698 | D:8      | Found a white marble altar of Elyvilon.
  6752 | D:8      | Became a worshipper of Warmaster Okawaru
  6859 | D:5      | Reached skill level 9 in Maces & Flails
  6867 | D:5      | Reached XP level 10. HP: 57/63 MP: 10/10
  6933 | D:5      | Got a faintly glowing mace
  6935 | D:5      | Identified the +1 mace "Kaurobil" {crush, MR+} (You found
                  | it on level 5 of the Dungeon)
  8346 | D:9      | Reached * piety under Okawaru
  8361 | D:9      | Noticed a cyclops
  8651 | D:9      | Noticed a two-headed ogre
  8675 | D:9      | Killed a two-headed ogre
  9037 | D:9      | Killed an unseen horror
  9037 | D:9      | Reached ** piety under Okawaru
  9037 | D:9      | Reached skill level 10 in Maces & Flails
  9280 | D:9      | Noticed a six-headed hydra
  9310 | D:9      | Killed a six-headed hydra
  9890 | D:9      | Killed a cyclops
  9890 | D:9      | Reached XP level 11. HP: 62/69 MP: 8/11
 10159 | D:9      | Noticed Prince Ribbit
 10437 | D:9      | Killed Prince Ribbit
 10480 | D:10     | Entered Level 10 of the Dungeon
 10978 | D:10     | Noticed Gastronok
 10997 | D:10     | Killed Gastronok
 10997 | D:10     | Reached *** piety under Okawaru
 10997 | D:10     | Reached **** piety under Okawaru
 10997 | D:10     | Reached skill level 11 in Maces & Flails
 11826 | D:10     | Noticed Fannar
 12629 | D:11     | Killed an unseen horror
 12841 | D:11     | Found a staircase to the Orcish Mines.
 12845 | D:11     | Noticed a two-headed ogre
 12855 | D:11     | Killed a two-headed ogre
 12855 | D:11     | Received a gift from Okawaru
 12883 | D:11     | Noticed an orc knight
 12916 | D:11     | Killed an orc knight
 13277 | D:11     | Found a roughly hewn altar of Beogh.
 13522 | D:11     | Reached skill level 12 in Maces & Flails
 13623 | D:11     | Reached XP level 12. HP: 77/77 MP: 12/12
 13664 | D:11     | Found a shimmering altar of Xom.
 13724 | D:11     | Noticed a two-headed ogre
 13741 | D:11     | Killed a two-headed ogre
 13741 | D:11     | Reached ***** piety under Okawaru
 13741 | D:11     | Reached skill level 10 in Fighting
 13741 | D:11     | Reached skill level 10 in Armour
 13741 | D:11     | Reached skill level 10 in Shields
 13792 | D:11     | Noticed a four-headed hydra
 13801 | D:11     | Killed a four-headed hydra
 14029 | D:11     | Noticed an eight-headed hydra
 14035 | D:11     | Killed an eight-headed hydra
 14829 | D:12     | Noticed a two-headed ogre
 14841 | D:12     | Killed a two-headed ogre
 15344 | D:12     | Noticed a two-headed ogre
 15371 | D:12     | Killed a two-headed ogre
 15371 | D:12     | Received a gift from Okawaru
 15392 | D:12     | Reached skill level 13 in Maces & Flails
 15499 | D:12     | Noticed a two-headed ogre
 15510 | D:12     | Killed a two-headed ogre
 16233 | Lair:1   | Entered Level 1 of the Lair of Beasts
 16421 | Lair:1   | Reached XP level 13. HP: 84/84 MP: 13/13
 16484 | Lair:1   | Got a heavily runed ivory ring
 16514 | Lair:1   | Reached ****** piety under Okawaru
 16745 | Lair:1   | Received a gift from Okawaru
 17145 | Lair:1   | Noticed Joseph
 17148 | Lair:1   | Killed Joseph
 17551 | Lair:2   | Found a staircase to the Snake Pit.
 18474 | Lair:3   | Reached skill level 14 in Maces & Flails
 18610 | Lair:3   | Noticed Snorg
 18619 | Lair:3   | Killed Snorg
 19974 | Lair:4   | Received a gift from Okawaru
 20940 | Lair:5   | Identified the ring of the Saviour {rC+ rN+ Str+4 Int+2
                  | Stlth+} (You found it on level 1 of the Lair of Beasts)
 21088 | Lair:5   | Identified a scroll of acquirement
 21092 | Lair:5   | Got a crude ivory amulet
 21093 | Lair:5   | Identified the amulet of Ahone {Faith rC+ rN+} (You
                  | acquired it on level 5 of the Lair of Beasts)
 21137 | Lair:5   | Noticed Kirke
 21181 | Lair:4   | HP: 3/85 [hog[Kirke] (14)]
 21181 | Lair:4   | Slain by a hog

Vault maps used:
D:1:      minmay_arrival_solitary_statue
D:2:      minmay_diamond_boxcup, nicolae_ru_awakened_eye, old_standard_altar,
          uniq_robin
D:4:      kennysheep_mini, minmay_temple_entry_hall, uniq_sigmund
D:5:      first_ration
D:6:      vehumet_crystals, ashenzari_conservatory_becter, kennysheep_potato
D:8:      minitemple, grunt_lair_entry_orc_guard_hut, uniq_maurice
D:9:      minmay_cut_squares, uniq_prince_ribbit1
D:10:     uniq_gastronok, uniq_fannar
D:11:     orc_0_dummy, basic_altar, special_room, grunt_decor_clamped,
          blue_anna_alchemist
D:13:     erik_vaults_1
Temple:   nicolae_temple_x_marks_the_god
Lair:1:   minmay_lair_oklob_chamber, grunt_megastairs_4, uniq_joseph
Lair:2:   minmay_snake_entry_guardpost_small, grunt_forest_stairs_clearing,
          infiniplex_staircase_pool, grunt_megastairs_5
Lair:3:   elwin_shoals_entry_rooms, portal_ice_cave_demonic_guard,
          beast_lair_carwin_11, uniq_snorg
Lair:5:   st_stairs_4, serial_bayou_shore_b, uniq_kirke

Skill      XL: |  1  2  3  4  5  6  7  8  9 10 11 12 13 |
---------------+----------------------------------------+-----
Maces & Flails | 3 4 6 7 9 10 12 13 14 | 14.6
Armour         | 4 5 6 7 8 9 11 | 11.9
Shields        | 4 5 6 7 8 9 10 11 | 11.9
Fighting       | 4 5 6 7 8 9 10 11 | 11.9

Action                   |  1- 3 |  4- 6 |  7- 9 | 10-12 | 13-15 || total
-------------------------+-------+-------+-------+-------+-------++-------
Melee: Flail             |    99 |   353 |   345 |     4 |       ||   801
       Whip              |       |       |    70 |       |       ||    70
       Mace              |       |       |       |   748 |       ||   748
       Morningstar       |       |       |       |   287 |   302 ||   589
 Fire: Hunting sling     |       |     2 |       |       |       ||     2
       Hand crossbow     |       |       |     8 |   221 |   158 ||   387
Throw: Stone             |       |     7 |       |       |       ||     7
Invok: Heroism           |       |       |       |    10 |     2 ||    12
  Use: Scroll            |     1 |     6 |     6 |    14 |     5 ||    32
  Eat: Chunk             |       |     9 |     8 |    25 |     8 ||    50
       Ration            |       |     1 |       |     4 |     2 ||     7
Armor: Scale mail        |    33 |       |       |       |       ||    33
       Chain mail        |    40 |   266 |   255 |       |       ||   561
       Plate armour      |       |       |    11 |   715 |   221 ||   947
Dodge: Dodged            |    21 |    91 |    85 |   186 |    77 ||   460
Block: Shield            |    53 |   261 |   277 |   609 |   223 ||  1423

Table legend:
 A = Non-vault XP
 B = Vault XP
 C = Vault XP percentage of total XP
 D = Non-vault monster count
 E = Vault monster count
 F = Vault count percentage of total count
                 A         B        C        D         E       F
            +---------+---------+-------+---------+---------+-------
      Total |   37117 |   15429 |  29.4 |     366 |      87 |  19.2
            +---------+---------+-------+---------+---------+-------
        D:1 |      59 |      12 |  16.9 |      23 |       7 |  23.3
        D:2 |     113 |      39 |  25.7 |      26 |      14 |  35.0
        D:3 |      41 |       0 |   0.0 |      15 |       0 |   0.0
        D:4 |     380 |       0 |   0.0 |      17 |       0 |   0.0
        D:5 |     339 |       0 |   0.0 |      12 |       0 |   0.0
        D:6 |     775 |      39 |   4.8 |      23 |       2 |   8.0
        D:7 |     825 |       0 |   0.0 |      18 |       0 |   0.0
        D:8 |    1681 |     928 |  35.6 |      35 |       5 |  12.5
        D:9 |     973 |    3944 |  80.2 |      28 |      11 |  28.2
       D:10 |    1973 |    2568 |  56.6 |      42 |       4 |   8.7
       D:11 |    6863 |    1056 |  13.3 |      32 |      18 |  36.0
       D:12 |    6379 |     904 |  12.4 |      27 |       1 |   3.6
       D:13 |    1723 |       0 |   0.0 |       6 |       0 |   0.0
     Lair:1 |    2679 |    1097 |  29.1 |      16 |       5 |  23.8
     Lair:2 |    2684 |    1925 |  41.8 |      14 |      10 |  41.7
     Lair:3 |    5115 |    2293 |  31.0 |      16 |       6 |  27.3
     Lair:4 |    3341 |     202 |   5.7 |      10 |       1 |   9.1
     Lair:5 |    1174 |     422 |  26.4 |       6 |       3 |  33.3
            +---------+---------+-------+---------+---------+-------
